Map: Récif abyssal EC

Players

zidar

  • Race: Zerg Zerg
  • League: Gold
  • Spawn Location: 11:00

Headyyy - Winner!

  • Race: Zerg Zerg
  • League: Gold
  • Spawn Location: 5:00

VOD

Have the link to the VOD?

Description

Time

  • Played on: June 28, 2017, 11:19 a.m.
  • Length: 22:54
Show
View Real Time Build Order
Export as new Build Order

zidar Zerg 

Build Orders: Pool First, Muta Ling Bane 

Get SALT Encoding   

  12  0:01  Drone  
  13  0:09  Drone  
  13  0:13  Extractor  
  13  0:16  Drone  
  14  0:33  Spawning Pool  
  13  0:43  Drone  
  13  0:48  Overlord  
  14  1:15  Overlord  
  14  1:20  Metabolic Boost  
  14  1:23  Zergling x4  
  16  1:32  Queen  
  18  1:40  Drone  
  18  1:42  Drone  
  20  1:50  Drone  
  21  2:23  Hatchery  
  20  2:30  Baneling Nest  
  19  2:42  Drone x3  
  22  2:47  Queen  
  24  3:21  Extractor  
  23  3:42  Drone x7  
  30  4:00  Zergling x6  
  32  4:19  Zergling x6  
  34  4:47  Lair  
  34  5:01  Drone  
  34  5:04  Overlord x3  
  35  5:25  Extractor  
  35  5:28  Extractor  
  33  6:00  Spire  
  33  6:25  Drone x2  
  33  6:26  Drone x5  
  33  6:27  Drone x2  
  33  6:31  Overlord x2  
  33  6:32  Overlord  
  41  7:12  Overlord  
  41  7:14  Mutalisk x10  
  61  7:31  Zergling x8  
  61  7:35  Mutalisk  
  67  7:44  Centrifical Hooks  
  67  7:54  Mutalisk x5  
  67  7:55  Mutalisk  
  61  9:03  Overseer  
  61  9:05  Mutalisk x6  
  70  9:25  Mutalisk x2  
  68  9:38  Zergling x20  
  69  10:31  Zergling x12  
  72  10:49  Mutalisk x2  
  62  11:19  Drone  
  62  11:20  Drone x5  
  68  11:27  Pneumatized Carapace  
  68  11:28  Overseer  
  57  12:20  Zergling x12  
  57  12:46  Zergling x8  
  53  12:54  Overseer  
  47  13:05  Zergling x2  
  47  13:06  Zergling x6  
  49  13:23  Zerg Flyer Weapons Level 1  
  48  13:47  Drone x4  
  48  13:48  Drone x2  
  31  15:05  Mutalisk x6  
  41  15:14  Spawning Pool  
  36  16:01  Zergling x12  
  42  16:12  Drone  
  43  16:22  Baneling x3  
  43  16:24  Baneling  
  43  16:40  Baneling x3  
  21  17:54  Zergling x12  
  27  18:14  Baneling x6  
  27  18:19  Mutalisk  
  29  18:27  Mutalisk  
  31  18:44  Mutalisk  
  30  19:15  Zergling x2  
  30  19:16  Zergling x4  
  33  19:19  Baneling  
  33  19:20  Baneling  
  33  19:24  Baneling  
  33  19:31  Drone  
  34  19:41  Drone  
  34  20:11  Baneling x5  
  34  20:12  Baneling x2  
  33  20:16  Drone  
  33  20:20  Drone  
  35  20:46  Drone x3  
  38  20:56  Drone x2  
  40  21:27  Zergling x10  
Show
View Real Time Build Order
Export as new Build Order

Headyyy Zerg - Winner!

Build Orders: Pool First 

Get SALT Encoding   

  12  0:01  Drone  
  13  0:08  Drone  
  14  0:17  Overlord  
  14  0:36  Spawning Pool  
  13  0:44  Drone  
  13  0:45  Drone  
  15  0:50  Drone  
  16  0:59  Drone  
  17  1:10  Drone  
  18  1:16  Extractor  
  18  1:17  Drone  
  18  1:22  Queen  
  20  1:34  Roach Warren  
  20  1:35  Drone  
  20  1:40  Drone  
  21  1:49  Drone  
  22  2:07  Drone  
  22  2:10  Extractor  
  22  2:14  Drone  
  22  2:25  Overlord, Hatchery  
  21  2:36  Drone  
  22  2:37  Spine Crawler  
  23  2:44  Roach  
  23  2:45  Queen  
  26  3:01  Roach  
  27  3:10  Roach  
  29  3:21  Overlord  
  29  3:37  Lair  
  29  3:39  Drone  
  30  4:03  Hatchery  
  30  4:08  Overlord x3  
  30  4:09  Overlord  
  25  4:40  Roach x3  
  29  4:45  Queen  
  31  5:02  Roach x2  
  35  5:17  Drone  
  36  5:35  Glial Reconstitution  
  36  5:37  Drone x2  
  36  5:38  Drone  
  36  5:39  Drone  
  36  5:40  Drone  
  41  5:47  Drone  
  42  5:53  Drone  
  43  6:07  Roach  
  43  6:08  Roach x2  
  43  6:10  Drone x2  
  51  6:12  Burrow  
  51  6:18  Evolution Chamber, Drone  
  51  6:37  Drone x2  
  51  6:38  Drone x3  
  56  6:53  Tunneling Claws  
  56  6:59  Hatchery  
  55  7:16  Roach  
  55  7:17  Roach x5  
  55  7:19  Drone  
  55  7:22  Extractor  
  67  7:24  Pneumatized Carapace  
  67  7:25  Overlord x2  
  67  7:27  Overlord  
  67  7:30  Zerg Ground Armor Level 1  
  67  7:53  Spore Crawler  
  67  7:58  Spore Crawler  
  65  8:03  Spore Crawler  
  64  8:07  Queen x2  
  60  8:28  Spore Crawler  
  60  8:30  Spore Crawler  
  60  8:31  Spore Crawler  
  55  8:35  Spore Crawler  
  49  8:45  Queen  
  49  8:47  Drone x3  
  52  8:49  Drone x2  
  50  9:00  Roach x7  
  46  9:24  Roach x7  
  48  9:25  Roach  
  48  9:28  Spore Crawler  
  47  9:33  Drone  
  47  9:34  Drone  
  47  9:36  Spore Crawler  
  47  9:38  Spore Crawler x2  
  46  9:40  Drone x3  
  49  9:57  Overlord  
  49  10:07  Extractor x2  
  47  10:18  Roach x5  
  47  10:19  Roach x3  
  42  10:22  Roach x3  
  42  10:23  Roach x4  
  54  10:46  Roach x8  
  54  10:52  Roach x6  
  54  10:54  Roach x5  
  54  10:55  Roach x7  
  48  11:22  Drone  
  48  11:23  Drone  
  50  11:26  Queen  
  50  11:29  Drone  
  53  11:33  Drone x2  
  53  11:34  Drone x2  
  57  11:44  Baneling Nest  
  54  12:01  Roach x7  
  50  12:15  Queen  
  48  12:16  Drone x2  
  48  12:17  Drone  
  48  12:18  Drone x2  
  53  12:28  Drone  
  54  12:30  Queen  
  48  12:45  Drone  
  48  12:46  Drone  
  48  12:47  Drone  
  48  12:50  Spore Crawler  
  49  12:59  Spore Crawler  
  48  13:09  Drone  
  47  13:23  Overlord  
  47  13:25  Zergling x2  
  47  13:26  Zergling x8  
  40  13:30  Drone  
  41  13:37  Drone  
  41  13:38  Spore Crawler  
  41  13:43  Hydralisk Den  
  40  13:49  Queen  
  40  13:52  Drone  
  43  13:56  Spore Crawler  
  23  14:18  Spore Crawler  
  19  15:04  Hydralisk x2  
  19  15:05  Hydralisk x6  
  19  15:06  Hydralisk  
  37  15:09  Muscular Augments  
  37  15:21  Drone x2  
  39  15:56  Spawning Pool  
  38  16:13  Hatchery  
  37  16:46  Extractor  
  36  16:51  Roach Warren  
  35  17:12  Hydralisk x3  
  35  17:13  Hydralisk x3  
  13  17:49  Drone  
  13  17:50  Drone x2  
  16  17:58  Drone x4  
  18  17:59  Drone  
  18  18:04  Drone  
  22  18:16  Roach x4  
  30  18:23  Drone  
  31  18:27  Drone  
  31  18:34  Drone  
  33  18:46  Drone  
  34  18:49  Drone  
  34  18:50  Drone  
  34  18:51  Drone x2  
  34  18:52  Drone  
  34  18:54  Queen, Roach  
  34  18:55  Queen  
  41  18:58  Drone  
  42  19:05  Hydralisk x2  
  40  19:26  Drone  
  40  19:27  Roach  
  40  19:31  Hydralisk x4  
  43  19:36  Drone  
  52  19:39  Extractor  
  51  19:47  Drone x2  
  51  19:52  Hydralisk x3  
  59  19:54  Roach  
  61  20:01  Spine Crawler  
  60  20:27  Hydralisk x3  
  66  20:32  Overlord x3  
  66  20:47  Overlord x3  
  66  20:53  Overseer  
  66  21:02  Hydralisk x3  
  66  21:03  Hydralisk x2  
  76  21:15  Hydralisk x20  
  76  21:16  Roach x4  
  84  21:24  Hydralisk x2  
  88  21:40  Hydralisk  
  88  21:41  Hydralisk x3  
  96  22:01  Hydralisk x2  
Tags
 
Add a new tag
Caveats
  • Supply blocks, unpowered buildings, or Contaminate may cause inaccurate times.
  • Supply counts are checked every 10 seconds.